 Dungeon Crawl Stone Soup version 0.27.0-1-g7a089689b8 (webtiles) character file.

Game seed: 18104756051284302549

107 ZARRMARR the Chopper (level 4, 0/41 HPs)
             Began as a Hill Orc Monk on Aug 10, 2021.
             Was a Believer of Beogh.
             Slain by an ogre (23 damage)
             ... on level 4 of the Dungeon.
             The game lasted 00:12:59 (3316 turns).

ZARRMARR the Chopper (Hill Orc Monk)                Turns: 3316, Time: 00:13:00

Health: 0/41       AC:  3    Str: 14    XL:     4   Next: 86%
Magic:  4/4        EV: 12    Int: 10    God:    Beogh [**....]
Gold:   80         SH:  5    Dex: 13    Spells: 3/3 levels left

rFire    + . .     SeeInvis .   a - +1 hand axe
rCold    . . .     Faith    .   (no shield)
rNeg     . . .     Spirit   .   b - +0 robe
rPois    .         Reflect  +   (no helmet)
rElec    .         Harm     .   (no cloak)
rCorr    .         Rampage  .   (no gloves)
Will     .....                  m - +0 pair of boots
Stlth    ++........             g - amulet of reflection
HPRegen  0.13/turn              f - ring of protection from fire
MPRegen  0.09/turn              (no ring)

@: studying Stealth
A: no striking features
a: Renounce Religion, Smiting


You were on level 4 of the Dungeon.
You worshipped Beogh.
Beogh was pleased with you.
You visited 1 branch of the dungeon, and saw 4 of its levels.

You collected 80 gold pieces.

Inventory:

Hand Weapons
 a - a +1 hand axe (weapon)
 j - a +0 club
Missiles
 c - 96 stones (quivered)
 l - 15 poisoned darts
Armour
 b - a +0 robe (worn)
 m - a +0 pair of boots (worn)
Magical Staves
 n - a staff of earth
Jewellery
 f - a ring of protection from fire (left hand)
 g - an amulet of reflection (around neck)
Scrolls
 h - 2 scrolls of vulnerability
 i - a scroll of teleportation {unknown}
 k - a scroll of noise {unknown}
Potions
 d - 2 potions of brilliance {unknown}
 e - a potion of flight {unknown}


   Skills:
 + Level 4.5 Fighting
 + Level 5.2 Axes
 + Level 0.5 Throwing
 + Level 3.0 Dodging
 + Level 2.1 Stealth
 + Level 0.3 Shields


You had 3 spell levels left.
You didn't know any spells.
Your spell library was empty.

Dungeon Overview and Level Annotations

Branches:
Dungeon (4/15)
 Temple: D:4-7

Altars:

Shops:
D:3 =


Message History

You now have 80 gold pieces (gained 6).
A giant cockroach and an ogre come into view.
The ogre shouts!
The giant cockroach moves out of view.
You see here a glowing green potion.
Throw: 98 stones
Press: ? - help, Q - select action, (/) - cycle Shift-Dir - straight line, f - ogre
Aim: an ogre, wielding a +0 giant spiked club (74% to hit)
You throw a stone. The stone barely misses the ogre.
Unknown command.
Throw: 97 stones
Press: ? - help, Q - select action, (/) - cycle Shift-Dir - straight line, f/p - ogre
Aim: an ogre, wielding a +0 giant spiked club (74% to hit)
You throw a stone.
The stone hits the ogre but does no damage.
Unknown command.
You hit the ogre but do no damage. The ogre closely misses you.
You hit the ogre but do no damage. You slash the ogre!
The ogre is moderately wounded.
You block the ogre's attack.
You hit the ogre.
The ogre is heavily wounded.
You block the ogre's attack.
You hit the ogre.
The ogre is heavily wounded.
The ogre hits you with a +0 giant spiked club!
You hit the ogre but do no damage.
The ogre is heavily wounded.
The ogre hits you with a +0 giant spiked club!
You slash the ogre!
The ogre is severely wounded.
You block the ogre's attack.
You hit the ogre.
The ogre is severely wounded.
You barely miss the ogre.
The ogre is severely wounded.
The ogre hits you with a +0 giant spiked club!!
Ouch! That really hurt!
You die...

#.# .#.# #.## #.#
.#.##
...#.####.##..... #
..#...........# #.
.........#######
##..###.######........
......#.# #.#######
#.#.#...######.#
.......@.......#
#.#.#.O#########
....... #.#.#.(
....... #.#.#..
....... ##..##.


You could see an ogre.

Vanquished Creatures
  4 adders (D:2)
  A dart slug (D:1)
  An orc (D:3)
  6 bats
  8 endoplasms
  4 giant cockroaches
  3 goblins
  6 hobgoblins
  10 jackals
  4 quokkas
  5 ball pythons
  2 frilled lizards
  2 kobolds
  5 rats
61 creatures vanquished.

Vanquished Creatures (others)
  A bat (D:3)
1 creature vanquished.

Grand Total: 62 creatures vanquished

Notes
Turn   | Place    | Note
-------+----------+-------------------------------------------
     0 | D:1      | ZARRMARR the Hill Orc Monk began the quest for the Orb.
     0 | D:1      | Reached XP level 1. HP: 19/19 MP: 1/1
   212 | D:1      | Reached XP level 2. HP: 23/27 MP: 2/2
  1246 | D:2      | Reached XP level 3. HP: 33/33 MP: 3/3
  1252 | D:1      | Identified a scroll of acquirement
  1252 | D:1      | Acquired a manual of Stealth
  1633 | D:2      | Reached XP level 4. HP: 31/41 MP: 4/4
  2094 | D:2      | Reached skill level 5 in Axes
  2553 | D:3      | Found Bocipt's Jewellery Emporium.
  2636 | D:3      | Became a worshipper of Beogh the Brigand
  2636 | D:3      | Reached * piety under Beogh
  2636 | D:3      | Reached ** piety under Beogh
  3305 | D:4      | Noticed an ogre
  3316 | D:4      | Slain by an ogre

Illustrated notes

Levels and vault maps discovered:
D:1:      grunt_arrival_crossed_arrows, layout_basic
D:2:      layout_basic, st_stairs_8, minivault_24
D:3:      layout_loops_ring, serial_shops, nicolae_shop_statue_plus
D:4:      layout_loops_ring, serial_glass, glass_columns_c, glass_columns_c,
          minmay_circle_x

Skill      XL: |  1  2  3  4 |
---------------+-------------+-----
Fighting       | 4 |  4.5
Stealth        | 2 |  2.1
Dodging        | 3 |  3.0
Axes           | 5 |  5.2
Throwing       | |  0.5
Shields        | |  0.3

Action                   |  1- 3 |  4- 6 || total
-------------------------+-------+-------++-------
Melee: Hand axe          |    98 |    82 ||   180
Throw: Stone             |    23 |    44 ||    67
Invok: Convert to Beogh  |       |     1 ||     1
  Use: Scroll            |     3 |     1 ||     4
 Stab: Sleeping          |     5 |     8 ||    13
Armor: Robe              |    14 |    10 ||    24
Dodge: Dodged            |    50 |    31 ||    81
Block: Other             |     5 |    13 ||    18
